 Dungeon Crawl Stone Soup version 0.18.1-8-gdd0e5ea (webtiles) character file.

1205 Jerry the Protected (level 8, -3/64 HPs)
             Began as a Minotaur Fighter on May 24, 2016.
             Killed by nerve-wracking pain
             ... invoked by a shadow imp
              (8 damage)
             ... on level 5 of the Dungeon.
             The game lasted 00:11:40 (4074 turns).

Jerry the Protected (Minotaur Fighter)              Turns: 4074, Time: 00:11:41

Health: -3/64      AC: 13    Str: 22    XL:     8   Next: 21%
Magic:  7/7        EV:  7    Int:  5    God:
Gold:   347        SH: 10    Dex: 11    Spells: 0 memorised, 7 levels left

rFire  . . .     SeeInvis .     u - +0 flail (protect)
rCold  . . .     Gourm    .     b - +0 scale mail
rNeg   . . .     Faith    .     c - +1 shield
rPois  .         Spirit   .     (helmet restricted)
rElec  .         Dismiss  .     (no cloak)
rCorr  .         Reflect  .     (no gloves)
SustAt .         Harm     .     (no boots)
MR     .....                    (no amulet)
Stlth  ..........               (no ring)
                                (no ring)

@: not resistant to hostile enchantments, extremely unstealthy
A: retaliatory headbutt, horns 2
a: no special abilities


You were on level 5 of the Dungeon.
You were not hungry.

You visited 1 branch of the dungeon, and saw 5 of its levels.

You collected 347 gold pieces.

Inventory:

Hand Weapons
 a - a +1 flail
 u - a +0 flail of protection (weapon)
Armour
 b - a +0 scale mail (worn)
 c - a +1 shield (worn)
Magical Staves
 w - an uncursed staff of death
Wands
 y - a wand of flame (12/48)
Scrolls
 d - 3 scrolls of magic mapping
 e - 5 scrolls of enchant weapon
 g - a scroll of fear {unknown}
 h - 5 scrolls of identify {unknown}
 i - 2 scrolls of amnesia
 o - 3 scrolls of remove curse
 p - a scroll of random uselessness {unknown}
 r - a scroll of enchant armour
 t - a scroll of immolation
 v - 3 scrolls of noise {unknown}
 A - 3 scrolls of recharging
 C - a scroll of teleportation
Potions
 k - 2 potions of mutation {unknown}
 m - 2 potions of haste {unknown}
 q - a potion of flight {unknown}
 x - a potion of brilliance {unknown}
 z - 2 potions of resistance {unknown}
 D - a potion of curing
Comestibles
 f - 3 bread rations
 j - 4 fruits
 l - a beef jerky
 n - 2 meat rations
 s - a slice of pizza
 B - 4 chunks of flesh


   Skills:
 - Level 3.6 Fighting
 + Level 8.6 Maces & Flails
 + Level 9.1 Armour
 - Level 3.6 Shields


You had 7 spell levels left.
You didn't know any spells.

Dungeon Overview and Level Annotations

Branches:
Dungeon (5/15)
 Temple: D:4-7

Altars:
Elyvilon
Qazlal
Ru
Trog

Annotations:
D:4 Zeloya's ghost, novice KoNe


Innate Abilities, Weirdness & Mutations

You reflexively headbutt those who attack you in melee.
You have a pair of horns on your head.


Message History

The orc priest calls upon Beogh to heal the orc wizard.
The orc wizard's wounds heal themselves!
You block the shadow imp's attack.
The orc wizard hits you but does no damage.
You block the orc's attack.
You closely miss the orc priest.
The orc priest calls down the wrath of Beogh upon you.
Beogh smites you!
* * * LOW HITPOINT WARNING * * *
The shadow imp hits you but does no damage.
The orc wizard casts a spell.
The orc wizard seems to speed up.
The orc hits you but does no damage. You block the orc priest's attack.
You closely miss the orc priest.
The orc wizard points at you and mumbles some strange words.
The puff of frost hits you!
* * * LOW HITPOINT WARNING * * *
The shadow imp gestures at you. Pain shoots through your body!
You die...

#.######.# #.##...>.#
#..# #.##.###.# #..#
#.##.# #.# #..# #.##.#
#.# #..# # . #.
#.##.###.###..# .# #
.##.#
##.##.##...##..##.#.#.
....
###.....#.....#5oo......
#...
...............)@o......
#..#
###.....<.....##.###...#
#..#
#.######...###.###.#
..####..## #.#
##.#..........#
..........
#.####.#.#####.#####
#####..## #.....###.#
#.# #..# ######.#.## #.#
#..# ##.## #.# ### #..#
#.# #.####.#######..#


You could see an orc priest, an orc wizard, a shadow imp and an orc.

Vanquished Creatures
  Sigmund (D:2)
  The ghost of Quirk the Chopper, an amateur DsGl (D:3)
  An ogre (D:4)
  2 centaurs
  Blork the orc (D:4)
  A scorpion (D:5)
  2 howler monkeys (D:4)
  A crimson imp (D:5)
  2 orc priests
  2 hounds
  A giant frog skeleton (D:4)
  Ijyb (D:2)
  3 worker ants
  3 gnolls (D:4)
  8 adders
  An ooze (D:3)
  4 worms
  A dart slug (D:1)
  2 giant geckos
  8 orcs
  5 giant cockroaches
  10 hobgoblins
  4 jackals (D:1)
  A quokka (D:4)
  4 ball pythons
  3 bats
  A giant gecko skeleton (D:4)
  3 giant newts
  9 goblins
  7 kobolds
  3 quokka skeletons
  13 rats
109 creatures vanquished.

Notes
Turn   | Place    | Note
--------------------------------------------------------------
     0 | D:1      | Jerry the Minotaur Fighter began the quest for the Orb.
     0 | D:1      | Reached XP level 1. HP: 19/19 MP: 0/0
   233 | D:1      | Reached XP level 2. HP: 25/26 MP: 1/1
   265 | D:1      | Reached skill level 4 in Armour
   569 | D:2      | Noticed a moth of wrath
   570 | D:2      | Noticed Ijyb
   582 | D:2      | Killed Ijyb
   582 | D:2      | Reached XP level 3. HP: 31/31 MP: 2/2
   590 | D:2      | Found a bloodstained altar of Trog.
   817 | D:2      | Reached XP level 4. HP: 25/39 MP: 3/3
  1027 | D:2      | Reached skill level 5 in Armour
  1137 | D:2      | Noticed Sigmund
  1188 | D:2      | Killed Sigmund
  1188 | D:2      | Reached skill level 5 in Maces & Flails
  1188 | D:2      | Reached skill level 6 in Armour
  1188 | D:2      | Reached XP level 5. HP: 9/45 MP: 4/4
  1188 | D:2      | Reached XP level 6. HP: 10/51 MP: 5/5
  1645 | D:2      | Found a stormy altar of Qazlal.
  2451 | D:3      | Noticed Quirk's ghost (amateur DsGl)
  2455 | D:3      | Killed Quirk's ghost
  2455 | D:3      | Reached skill level 7 in Armour
  2544 | D:4      | Reached XP level 7. HP: 57/57 MP: 6/6
  2613 | D:4      | Noticed Blork the orc
  2619 | D:4      | Noticed Zeloya's ghost (novice KoNe)
  2622 | D:4      | Killed Blork the orc
  3236 | D:4      | Reached skill level 8 in Armour
  3612 | D:4      | Found a white marble altar of Elyvilon.
  3612 | D:4      | Found a sacrificial altar of Ru.
  3798 | D:5      | Entered Level 5 of the Dungeon
  3808 | D:5      | Reached XP level 8. HP: 64/64 MP: 7/7
  3945 | D:5      | Reached skill level 9 in Armour
  4074 | D:5      | Killed from afar by a shadow imp

Skill      XL: |  1  2  3  4  5  6  7  8 |
---------------+-------------------------+-----
Armour         | 4 6 7 8 9 |  9.1
Maces & Flails | 3 4 5 6 8 |  8.6
Fighting       | |  3.6
Shields        | |  3.6

Action                   |  1- 3 |  4- 6 |  7- 9 || total
-------------------------+-------+-------+-------++-------
Melee: Flail             |    64 |   128 |   122 ||   314
       Headbutt          |     7 |    24 |    29 ||    60
  Use: Potion            |     1 |     4 |     2 ||     7
       Scroll            |       |     8 |       ||     8
  Eat: Chunk             |       |     5 |     5 ||    10
Armor: Scale mail        |    25 |    46 |    48 ||   119
Dodge: Dodged            |    35 |    47 |    29 ||   111
Block: Shield            |    29 |    64 |    75 ||   168
